cohdb
Replays
Latest Replays
All Replays
Popular Replays
Top Player Replays
Match Explorer
How It Works
Community
CoH3 Stats
Reddit
Sign in to upload your games and track your stats! →
Sign in with Steam
Match 41171078
Unlisted
Match 41171078
Overview
Messages
Build Orders
End
Construct Infanterie Kompanie
MG 42 Machine Gun Team
Grenadier Squad
GrW 34 Mortar Team
Grenadier Squad
MG 42 Machine Gun Team
Construct Panzergrenadier Kompanie
251 Medium Carrier
Pak 40 Anti-tank Gun Team
Panzergrenadier Squad
Construct Panzer Kompanie
Panzer IV Medium Tank
Stoßtruppen Squad
Stoßtruppen Squad
Panzer IV Medium Tank
Selects Mechanized Battlegroup
Selects Mobile Repair Stations
Selects Stoßtruppen Assault Package
luca magno
FoolishNinja
Stubai
WasIsDaLos
[BxB] Victor
Davitrirus
0
0
Comments
sign in to comment!
No comments posted yet!